 Dungeon Crawl Stone Soup version 0.29-a0-298-g3c90f9a769 (webtiles) character file.

Game seed: 2356070705907118685

65 Dabor the Sneak (level 3, -4/19 HPs)
             Began as a Deep Elf Venom Mage on Mar 23, 2022.
             Slain by a black bear (5 damage)
             ... created by the rage of Trog
             ... on level 2 of the Dungeon.
             The game lasted 00:02:57 (1285 turns).

Dabor the Sneak (Deep Elf Venom Mage)               Turns: 1285, Time: 00:02:57

Health: -4/19      AC:  2    Str:  5    XL:     3   Next: 94%
Magic:  8/9        EV: 13    Int: 21    God:
Gold:   37         SH:  0    Dex: 15    Spells: 5/8 levels left

rFire   . . .      SeeInvis .   i - staff of death
rCold   . . .      Faith    .   (no shield)
rNeg    + . .      Spirit   .   a - +0 robe
rPois   .          Reflect  .   (no helmet)
rElec   .          Harm     .   (no cloak)
rCorr   .          Rampage  .   (no gloves)
Will    .....                   (no boots)
Stlth   +++.......              (no amulet)
HPRegen 0.06/turn               g - ring of wizardry
MPRegen 0.11/turn               (no ring)

@: very slightly contaminated
A: no striking features
a: no special abilities


You were on level 2 of the Dungeon.
You visited 1 branch of the dungeon, and saw 2 of its levels.

You collected 37 gold pieces.

Inventory:

Armour
 a - a +0 robe (worn)
Magical Staves
 i - a staff of death (weapon)
Jewellery
 g - a ring of wizardry (left hand)
Scrolls
 c - a scroll of enchant weapon {unknown}
 f - 4 scrolls of identify {unknown}
Potions
 b - a potion of attraction {unknown}
 d - a potion of heal wounds {unknown}
 h - a potion of curing
 j - a potion of berserk rage {unknown}
 k - 2 potions of ambrosia {unknown}


   Skills:
 + Level 3.7 Dodging
 + Level 3.9 Stealth
 - Level 3.2 Spellcasting
 - Level 1.4 Transmutations
 - Level 3.4 Poison Magic


You had 5 spell levels left.
You knew the following spells:

 Your Spells              Type           Power      Damage    Failure   Level
a - Sting                 Tmut/Pois      52%        1d5       1%          1
b - Poisonous Vapours     Pois/Air       20%        N/A       4%          2

Your spell library contained the following spells:

 Spells                   Type           Power      Damage    Failure   Level
 Mephitic Cloud           Conj/Pois/Air  8%         N/A       10%         3
 Olgreb's Toxic Radiance  Pois           18%        N/A       12%         4


Dungeon Overview and Level Annotations

Branches:
Dungeon (2/15)

Altars:
Trog


Message History

You hear an angry growl.
The black bear rages.
You hear an angry growl.
You hear an angry growl.
You hear an angry growl. x2
You hear an angry growl. x2
You hear an angry growl.
The black bear rages.
The black bear attacks as you move away!
The black bear bites you!
Ouch! That really hurt!
The black bear claws you.
* * * LOW HITPOINT WARNING * * *
The black bear claws you.
* * * LOW HITPOINT WARNING * * *
You hear a shout!
Blink to where?
Press: ? - help, Dir - move target
As you read the scroll of blinking, it crumbles to dust.
You hear an angry growl.
You hear an angry growl. x2
You barely miss the black bear. The black bear misses you.
The black bear claws you but does no damage.
The black bear closely misses you.
Blink to where?
Press: ? - help, Dir - move target
As you read the scroll of blinking, it crumbles to dust.
You hear an angry growl.
You are too injured to fight recklessly!
Casting: Sting (safe; 1% risk of failure)
Confirm with . or Enter, or press ? or * to list all spells.
Aiming: Sting (safe; 1% risk of failure)
Press: ? - help, Shift-Dir - straight line, f - black bear
Aim: a black bear (durably summoned, berserk, 79% to hit)
You miscast Sting.
You are very lightly contaminated with residual magic.
Nothing appears to happen.
The black bear bites you.
* * * LOW HITPOINT WARNING * * *
The black bear claws you.
You die...

#.# #.# #.#
################$###
...>...............#
################.#.#
#.# #.# #@# ####h#
....# #.#.# #ยง#.#
#.#.# #...# #####


You could see a black bear (berserk).

Vanquished Creatures
  An orc wizard (D:2)
  An adder (D:2)
  2 dart slugs (D:2)
  3 orcs (D:2)
  A bat (D:1)
  3 giant cockroaches
  3 hobgoblins
  2 jackals (D:1)
  2 quokkas
  3 ball pythons (D:1)
  4 rats
25 creatures vanquished.

Notes
Turn   | Place    | Note
-------+----------+-------------------------------------------
     0 | D:1      | Dabor the Deep Elf Venom Mage began the quest for the Orb.
     0 | D:1      | Reached XP level 1. HP: 10/10 MP: 6/6
   374 | D:1      | Reached XP level 2. HP: 10/15 MP: 2/8
   534 | D:1      | Learned a level 2 spell: Poisonous Vapours
   538 | D:1      | Found a faded altar of an unknown god.
   643 | D:1      | Prayed at the altar of an unknown god.
   643 | D:1      | Became a worshipper of Trog the Wrathful
   643 | D:1      | Reached * piety under Trog
   644 | D:1      | Fell from the grace of Trog
   797 | D:1      | Noticed a polar bear
   797 | D:1      | Noticed a black bear
   797 | D:1      | Noticed a polar bear
  1053 | D:2      | Reached XP level 3. HP: 14/19 MP: 1/9
  1268 | D:2      | Noticed a black bear
  1268 | D:2      | Noticed a black bear
  1268 | D:2      | Noticed a black bear
  1285 | D:2      | Slain by a black bear

Illustrated notes

Levels and vault maps discovered:
D:1:      dpeg_arrival_solitude, layout_basic, chequers_ecumenical_altar_simple,
          serial_shops, nicolae_shop_behind_doors, serial_bayou_pond_d,
          minmay_misc_feat_five
D:2:      layout_basic, minmay_3d_cube

Skill      XL: |  1  2 |
---------------+-------+-----
Stealth        | 3 |  3.9
Dodging        | 3 |  3.7
Spellcasting   | |  3.2
Transmutations | |  1.4
Poison Magic   | |  3.4

Action                   || total
-------------------------++-------
Melee: Staff             ||     6
       Unarmed           ||     1
 Cast: Sting             ||    53
       Poisonous Vapours ||     1
Invok: Renounce Religion ||     1
  Use: Scroll            ||     4
       Potion            ||     2
Armor: Robe              ||     4
Dodge: Dodged            ||    32

Table legend: (Time is in decaauts)
 A = Elapsed time spent in this place.
 B = Non-inter-level travel time spent in this place.
 C = Inter-level travel time spent in this place.
 D = Time resting spent in this place.
 E = Time spent auto-exploring this place.
 F = Levels seen in this place.
 G = Mean time per level.
                   A        B        C        D        E       F      G
               +--------+--------+--------+--------+--------+-----+--------+
         Total |   1284 |   1284 |      0 |      0 |   1056 |   2 |  642.0 |
       Dungeon |   1284 |   1284 |      0 |      0 |   1056 |   2 |  642.0 |
               +--------+--------+--------+--------+--------+-----+--------+

Top non-repeatable levels by time:
     D:1: 800 daAuts
     D:2: 484 daAuts
